 Dungeon Crawl Stone Soup version 0.19.5 (webtiles) character file.

51 tidbits the Skirmisher (level 3, -2/27 HPs)
             Began as a High Elf Wanderer on Oct 31, 2017.
             Slain by a worm (3 damage)
             ... on level 2 of the Dungeon.
             The game lasted 00:05:08 (624 turns).

tidbits the Skirmisher (High Elf Wanderer)           Turns: 624, Time: 00:05:09

Health: -2/27      AC:  9    Str: 11    XL:     3   Next: 57%
Magic:  7/7        EV: 11    Int: 16    God:
Gold:   57         SH:  0    Dex: 15    Spells: 2 memorised, 4 levels left

rFire  . . .     SeeInvis .     a - +0 spear
rCold  . . .     Gourm    .     B - +0 ring mail
rNeg   . . .     Faith    .     (no shield)
rPois  .         Spirit   .     (no helmet)
rElec  .         Reflect  .     (no cloak)
rCorr  .         Harm     .     G - +0 pair of gloves
MR     .....                    (no boots)
Stlth  +.........               (no amulet)
                                (no ring)
                                U - +3 ring of protection

@: no status effects
A: no striking features
a: no special abilities


You were on level 2 of the Dungeon.
You were not hungry.

You visited 1 branch of the dungeon, and saw 2 of its levels.

You collected 57 gold pieces.

Inventory:

Hand Weapons
 a - a +0 spear (weapon)
Missiles
 d - 21 sling bullets
 i - 41 stones (quivered)
 q - 23 arrows
Armour
 g - a +0 robe
 B - a +0 ring mail (worn)
   (You found it on level 2 of the Dungeon)
 G - a +0 pair of gloves (worn)
   (You found it on level 1 of the Dungeon)
Jewellery
 U - a +3 ring of protection (left hand)
   (You found it on level 1 of the Dungeon)
Scrolls
 j - a scroll of blinking {unknown}
 m - a scroll of fog {unknown}
 p - a scroll of fear {unknown}
Potions
 e - a potion of curing {unknown}
 f - a potion of lignification
 h - a potion of resistance {unknown}
 k - a potion of degeneration {unknown}
 l - a potion of agility {unknown}
 o - 2 potions of flight {unknown}
Books
 b - a book of Geomancy

   Spells                             Type                      Level
   a - Sandblast                      Earth                        1
   b - Passwall                       Transmutation/Earth          2
   c - Stone Arrow                    Conjuration/Earth            3
   d - Petrify                        Transmutation/Earth          4
   e - Lee's Rapid Deconstruction     Earth                        5
Comestibles
 c - a bread ration
 n - a meat ration


   Skills:
 + Level 4.0 Fighting
 + Level 1.9 Dodging
 - Level 1.2 Stealth
 - Level 2.6 Spellcasting
 - Level 3.2 Transmutations
   Level 1.0 Evocations


You had 4 spell levels left.
You knew the following spells:

 Your Spells              Type           Power        Failure   Level  Hunger
a - Sandblast             Erth           #.....       52%         1    #......
w - Passwall              Tmut/Erth      #.........   38%         2    ##.....


Dungeon Overview and Level Annotations

Branches:
Dungeon (2/15)

Altars:


Message History

No target in view!
No target in view!
A bat comes into view.
The bat barely misses you. The bat hits you but does no damage.
You hit the bat.
The bat is heavily wounded.
The bat hits you. x2
You hit the bat.
You kill the bat!
No target in view!
Found a stone staircase leading down.
There is a stone staircase leading down here.
You climb downwards.
There is a stone staircase leading up here.
A worm comes into view.
Found a war axe.
A worm comes into view.
Found 14 gold pieces.
You hit the worm.
The worm is moderately wounded.
You hit the worm.
The worm is heavily wounded.
The worm misses you.
You hit the worm but do no damage.
The worm is heavily wounded.
You hit the worm but do no damage.
The worm is heavily wounded.
The worm closely misses you.
You hit the worm.
The worm is severely wounded.
The worm bites you but does no damage.
You hit the worm.
The worm is almost dead.
The worm bites you.
You hit the worm.
The worm is almost dead.
You hit the worm but do no damage.
The worm is almost dead.
The worm misses you.
You hit the worm.
You kill the worm!
Your Fighting skill increases to level 4!
No target in view!
No target in view!
Found a scroll labeled RUSUNUVIMOET.
Found 23 arrows.
You now have 57 gold pieces (gained 14).
There are no items here.
Found a leather armour.
p - a scroll labeled RUSUNUVIMOET You see here 23 arrows.
q - 23 arrows Attack whom?
Press: ? - help, Dir - move target cursor, f - worm
Aim: a worm You reach to attack!
You barely miss the worm. You hit the worm.
The worm is lightly wounded.
The worm barely misses you.
You barely miss the worm.
The worm is lightly wounded.
You hit the worm.
The worm is heavily wounded.
The worm bites you but does no damage.
You hit the worm.
The worm is heavily wounded.
The worm bites you!
* * * LOW HITPOINT WARNING * * *
You hit the worm.
The worm is heavily wounded.
You barely miss the worm.
The worm is heavily wounded.
The worm bites you.
* * * LOW HITPOINT WARNING * * *
You are too injured to fight recklessly!
You are too injured to fight recklessly!
You are too injured to fight recklessly!
You are too injured to fight recklessly!
You are too injured to fight recklessly!
You hit the worm but do no damage.
The worm is heavily wounded.
The worm closely misses you.
You hit the worm.
The worm is heavily wounded.
You hit the worm.
The worm is severely wounded.
The worm bites you!
* * * LOW HITPOINT WARNING * * *
You hit the worm.
The worm is severely wounded.
The worm closely misses you.
Your ring mail prevents you from hitting the worm.
The worm is heavily wounded.
You hit the worm but do no damage.
The worm is heavily wounded.
The worm barely misses you.
You hit the worm.
The worm is heavily wounded.
The worm bites you.
You die...

##gg#...###..##.........#
# ..........w...##......#
##...#....##............#
.##..#.... #†#####......#
......... ...# #[.....#
#.. #.)...##.# #......#
#...#... #.# #......# #..
#.#####......#
#....@w......#
#...########## ....# #.#
#


You could see a worm.

Vanquished Creatures
  2 adders (D:2)
  A worm (D:2)
  3 dart slugs (D:1)
  A leopard gecko (D:1)
  4 bats (D:1)
  2 giant cockroaches (D:1)
  3 hobgoblins (D:1)
  A frilled lizard (D:1)
  4 goblins (D:1)
  3 kobolds
24 creatures vanquished.

Notes
Turn   | Place    | Note
-------+----------+-------------------------------------------
     0 | D:1      | tidbits the High Elf Wanderer began the quest for the Orb.
     0 | D:1      | tidbits set off with: a book of Geomancy, a +0 spear, a potion of lignification, a +0 robe, a bread ration
     0 | D:1      | Reached XP level 1. HP: 16/16 MP: 4/4
     2 | D:1      | Learned a level 1 spell: Sandblast
   129 | D:1      | Reached XP level 2. HP: 21/21 MP: 6/6
   133 | D:1      | Learned a level 2 spell: Passwall
   258 | D:1      | Reached skill level 1 in Dodging
   272 | D:2      | Reached XP level 3. HP: 19/27 MP: 7/7
   588 | D:2      | Reached skill level 4 in Fighting
   620 | D:2      | HP: 1/27 [worm (10)]
   624 | D:2      | Slain by a worm

Skill      XL: |  1  2  3 |
---------------+----------+-----
Dodging        | 1 |  1.9
Fighting       | 4 |  4.0
Stealth        | |  1.2
Spellcasting   | |  2.6
Transmutations | |  3.2
Evocations     | |  1.0

Action                   || total
-------------------------++-------
Melee: Spear             ||   114
 Cast: Sandblast         ||     1
 Stab: Sleeping          ||     2
Armor: Ring mail         ||    35
Dodge: Dodged            ||    37

Table legend:
 A = Turns spent in this place as a percentage of turns spent in the entire game.
 B = Non-inter-level travel turns spent in this place as a percentage of non-inter-level travel turns spent in the entire game.
 C = Inter-level travel turns spent in this place as a percentage of turns spent in this place.
 D = Turns resting spent in this place as a percentage of non-inter-level travel turns spent in this place.
 E = Turns spent auto-exploring this place as a percentage of non-inter-level travel turns spent in this place.
 F = Non-inter-level travel turns spent in this place divided by the number of levels of this place that you've seen.
                   A       B       C       D       E      F
               +-------+-------+-------+-------+-------+----------------------
         Total | 100.0 | 100.0 |   0.0 |   0.0 |   0.0 | 311.5
       Dungeon | 100.0 | 100.0 |   0.0 |   0.0 |   0.0 | 311.5
               +-------+-------+-------+-------+-------+----------------------

Table legend:
 A = Kills in this place as a percentage of kills in entire the game.
 B = Kills by you in this place as a percentage of kills by you in the entire game.
 C = Kills by friends in this place as a percentage of kills by friends in the entire game.
 D = Other kills in this place as a percentage of other kills in the entire game.
 E = Experience gained in this place as a percentage of experience gained in the entire game.
 F = Experience gained in this place divided by the number of levels of this place that you have seen.
                   A       B       C       D       E      F
               +-------+-------+-------+-------+-------+----------------------
         Total | 100.0 | 100.0 |  -nan |  -nan | 100.0 |  36.5
       Dungeon | 100.0 | 100.0 |  -nan |  -nan | 100.0 |  36.5
               +-------+-------+-------+-------+-------+----------------------

Vault maps used:
D:1:      saegor_arrival_simple_c, minmay_surrounded
D:2:      uniq_robin
